 Dungeon Crawl Stone Soup version 0.23.2 (webtiles) character file.

Game seed: 8212677070597103233

81 Fang the Skirmisher (level 4, -1/43 HPs)
             Began as a Gargoyle Berserker on Apr 4, 2019.
             Was a Believer of Trog.
             Splashed by a jelly's acid (8 damage)
             ... on level 3 of the Dungeon.
             The game lasted 00:01:19 (2549 turns).

Fang the Skirmisher (Gargoyle Berserker)            Turns: 2549, Time: 00:01:20

Health: -1/43      AC: -2    Str: 26    XL:     4   Next: 40%
Magic:  4/4        EV: 12    Int:  8    God:    Trog [**....]
Gold:   121        SH:  0    Dex:  9    Spells: 3/3 levels left

rFire    . . .     SeeInvis .   a - +0 hand axe
rCold    . . .     Gourm    .   (no shield)
rNeg     + . .     Faith    .   b - +0 animal skin
rPois    ∞         Spirit   .   (no helmet)
rElec    +         Reflect  .   (no cloak)
rCorr    .         Harm     .   (no gloves)
MR       .....                  (no boots)
Stlth    ..........             (no amulet)
HPRegen  0.14/turn              (no ring)
MPRegen  0.09/turn              (no ring)

@: berserking, corroded, very quick
A: negative energy resistance 1, electricity resistance, unbreathing,
petrification resistance, rot immunity, AC +3
a: Berserk, Trog's Hand, Renounce Religion


You were on level 3 of the Dungeon.
You worshipped Trog.
Trog was pleased with you.
You were hungry.

You visited 1 branch of the dungeon, and saw 3 of its levels.

You collected 121 gold pieces.

Inventory:

Hand Weapons
 a - a +0 hand axe (weapon)
Armour
 b - a +0 animal skin (worn)
Wands
 m - a wand of paralysis (13)
Scrolls
 d - 2 scrolls of amnesia {unknown}
 e - 5 scrolls of identify {unknown}
 i - 2 scrolls of teleportation {unknown}
 k - 3 scrolls of enchant armour {unknown}
 l - a scroll of immolation {unknown}
 o - 3 scrolls of remove curse {unknown}
Potions
 g - a potion of ambrosia {unknown}
 h - a potion of flight {unknown}
 j - 2 potions of curing {unknown}
 n - a potion of lignification {unknown}
 p - a potion of degeneration {unknown}
Comestibles
 c - 4 rations
 f - a chunk of flesh


   Skills:
 + Level 4.0 Fighting
 + Level 3.2 Axes
 + Level 3.0 Armour
 + Level 2.2 Dodging


You had 3 spell levels left.
You didn't know any spells.
Your spell library was empty.

Dungeon Overview and Level Annotations

Branches:
Dungeon (3/15)

Altars:
Kikubaaqudgha
Wu Jian
Yredelemnul


Innate Abilities, Weirdness & Mutations

You are resistant to torment.
Your stone body is resilient. (AC +3)
You are immune to poison.
You resist negative energy. (rN+)
You are resistant to electric shocks. (rElec)
You can survive without breathing.
You are immune to petrification.
You are immune to rotting.


Message History

You are too injured to fight recklessly!
You are too injured to fight recklessly!
You are too injured to fight recklessly!
You are too injured to fight recklessly!
A red film seems to cover your vision as you go berserk!
You feel yourself moving faster!
You feel mighty!
You are feeling hungry.
The jelly hits you. The acid corrodes you!
You are splashed with acid!
* * * LOW HITPOINT WARNING * * *
You hit the jelly but do no damage.
Your hands burn!
* * * LOW HITPOINT WARNING * * *
The jelly is lightly wounded.
The jelly barely misses you.
You slash the jelly! The acid corrodes you!
Your hands burn!
* * * LOW HITPOINT WARNING * * *
The jelly is severely wounded.
The jelly hits you.
* * * LOW HITPOINT WARNING * * *
You are splashed with acid!
You die...

.......
..........#######.###
.......
.............<......#
.......
..........###########
....... ..[.......#
....... (.........#
....... ..........#
....... ..........#
.......
..........#####
.......
.......@.......
.......
.......J..#####
....... ..........#
....... .........$#
...... ..........#
...... ..........#
.##### !.######### .#
.. .#


You could see a jelly.

Vanquished Creatures
  Robin (D:2)
  2 adders (D:2)
  2 worms
  A giant cockroach (D:2)
  9 goblins
  7 hobgoblins
  4 jackals (D:2)
  2 quokkas (D:2)
  A ball python (D:2)
  8 bats
  A frilled lizard (D:1)
  4 kobolds
  2 rats
44 creatures vanquished.

Notes
Turn   | Place    | Note
-------+----------+-------------------------------------------
     0 | D:1      | Fang the Gargoyle Berserker began the quest for the Orb.
     0 | D:1      | Reached XP level 1. HP: 14/14 MP: 1/1
   289 | D:1      | Reached XP level 2. HP: 16/19 MP: 2/2
  1137 | D:2      | Noticed Robin
  1147 | D:2      | Reached XP level 3. HP: 7/23 MP: 3/3
  1153 | D:2      | Killed Robin
  1153 | D:2      | Reached ** piety under Trog
  1579 | D:2      | Reached XP level 4. HP: 12/29 MP: 4/4
  2110 | D:2      | Reached skill level 4 in Fighting
  2390 | D:3      | Found a basalt altar of Yredelemnul.
  2391 | D:3      | Found an ancient bone altar of Kikubaaqudgha.
  2393 | D:3      | Found an ornate altar of the Wu Jian Council.
  2549 | D:3      | Splashed by a jelly's acid

Skill      XL: |  1  2  3  4 |
---------------+-------------+-----
Axes           | 3 |  3.2
Dodging        | 2 |  2.2
Armour         | 3 |  3.0
Fighting       | 4 |  4.0

Action                   |  1- 3 |  4- 6 || total
-------------------------+-------+-------++-------
Melee: Hand axe          |   109 |    48 ||   157
Invok: Berserk           |     2 |     1 ||     3
 Stab: Sleeping          |     1 |       ||     1
  Eat: Chunk             |     3 |     4 ||     7
Armor: Animal skin       |    44 |    15 ||    59
Dodge: Dodged            |    88 |    31 ||   119
